 Dungeon Crawl Stone Soup version 0.30-a0-691-g754fce4c43 (console) character file.

Game seed: 2301611431650293084

16718 Ignak the Nimble (level 12, -2/81 HPs)
             Began as an Octopode Hedge Wizard on Jan 19, 2023.
             Was an Elder of Sif Muna.
             Slain by an orc warrior
             ... wielding a +1 mace of protection
              (20 damage)
             ... on level 2 of the Orcish Mines.
             The game lasted 00:49:40 (11917 turns).

Ignak the Nimble (Octopode Hedge Wizard)           Turns: 11917, Time: 00:49:40

Health: -2/81      AC:  5    Str: 10      XL:     12   Next: 40%
Magic:  11/24      EV: 18    Int: 19 (21) God:    Sif Muna [****..]
Gold:   98         SH:  0    Dex: 17      Spells: 6/28 levels left

rFire   . . .      SeeInvis .    a - +9 double sword (vamp)
rCold   + . .      Faith    .    (no shield)
rNeg    . . .      Spirit   .    J - +2 hood of the Assassin {Detect Stab+ Stlth++}
rPois   +          Reflect  .    (no amulet)
rElec   .          Harm     .    B - ring of poison resistance
rCorr   .          Rampage  .    v - +6 ring of dexterity
Will    .....                    (no ring)
Stlth   +++++++                  (no ring)
HPRegen 0.33/turn                (no ring)
MPRegen 0.19/turn                (no ring)
                                 (no ring)
                                 (no ring)

@: on blink cooldown, very slightly contaminated
A: almost no armour, amphibious, 8 rings, camouflage 1, gelatinous body 1,
(nimble swimmer 1), tentacles, iridescent scales 1, cold resistance 1, screaming
1
a: Renounce Religion, Channel Magic, Forget Spell, Divine Exegesis


You were on level 2 of the Orcish Mines.
You worshipped Sif Muna.
Sif Muna was greatly pleased with you.
You visited 3 branches of the dungeon, and saw 13 of its levels.

You collected 1318 gold pieces.
You spent 1220 gold pieces at shops.

Inventory:

Hand Weapons
 a - a +9 vampiric double sword (weapon)
 b - the +9 rapier of Uncomfortable Rashes {freeze, Int+3 Dex+2}
   (You took it off an orc on level 9 of the Dungeon)

   Int:       It affects your intelligence (+3).
   Dex:       It affects your dexterity (+2).
 E - the +5 woodcutter's axe
   (You found it on level 5 of the Dungeon)
Missiles
 r - 32 poisoned darts (quivered)
 H - a throwing net
Armour
 J - the +2 hood of the Assassin (worn) {Detect Stab+ Stlth++}
   (You acquired it on level 2 of the Orcish Mines)

   Detect:    It allows the wearer to sense nearby creatures.
   Stab+:     It allows the wearer to make particularly effective stabbing
   attacks against helpless or unaware enemies with any weapon.
   Stlth:     It makes you much more stealthy.
Jewellery
 v - a +6 ring of dexterity (right tentacle)
 w - a ring of ice
 B - a ring of poison resistance (left tentacle)
Wands
 q - a wand of roots (10)
 D - a wand of mindburst (18)
Scrolls
 d - 2 scrolls of silence
 f - 4 scrolls of teleportation
 g - 2 scrolls of enchant weapon
 h - 5 scrolls of amnesia
 p - a scroll of enchant armour
 x - 2 scrolls of fear
 y - 2 scrolls of blinking
 A - a scroll of magic mapping
 F - 3 scrolls of fog
 G - a scroll of vulnerability {unknown}
 I - 2 scrolls of poison {unknown}
Potions
 c - a potion of magic
 e - 3 potions of ambrosia
 i - a potion of lignification
 j - 2 potions of berserk rage
 k - 3 potions of heal wounds
 l - a potion of cancellation
 m - a potion of invisibility
 n - a potion of haste
 o - 9 potions of curing
 t - a potion of brilliance
 u - a potion of mutation
 z - a potion of might
 C - a potion of flight


   Skills:
 + Level 7.2 Fighting
 + Level 7.6 Long Blades
 - Level 0.3 Polearms
 * Level 9.3 Dodging
 + Level 7.7 Stealth
 - Level 1.0 Unarmed Combat
 + Level 8.9 Spellcasting
 - Level 5.0 Conjurations
 - Level 2.0 Summonings
 - Level 5.0 Translocations
 * Level 6.0 Air Magic
 - Level 5.0 Earth Magic
 - Level 2.8 Poison Magic
 * Level 0.5 Invocations


You had 6 spell levels left.
You knew the following spells:

 Your Spells              Type           Power      Damage    Failure   Level
a - Magic Dart            Conj           100%       1d8       1%          1
b - Blink                 Tloc           54%        N/A       1%          2
c - Lee's Rapid Deconstr  Erth           13%        3d9*      30%         5
d - Mephitic Cloud        Conj/Pois/Air  26%        N/A       3%          3
e - Call Imp              Summ           16%        N/A       5%          2
f - Arcjolt               Conj/Air       14%        1d24      24%         5
g - Iskenderun's Mystic   Conj/Tloc      27%        2d7       11%         4

Your spell library contained the following spells:

 Spells                   Type           Power      Damage    Failure   Level
 Vhi's Electric Charge    Tloc/Air       58%        N/A       2%          3
 Cigotuvi's Dreadful Rot  Necr/Pois/Air  38%        N/A       3%          2
 Kindle Blastsparks       Fire/Tloc/Air  44%        2d13      5%          3
 Slow                     Hex            32%        N/A       9%          1
 Fulminant Prism          Conj/Hex       8%         3d7       30%         4
 Dispel Undead            Necr           8%         3d8       63%         4
 Death Channel            Necr           4%         N/A       100%        6
 Maxwell's Capacitive Co  Air            15%        ∞         100%        8


Dungeon Overview and Level Annotations

Branches:
Dungeon (10/15)            Temple (1/1) D:6            Lair (0/5) D:9
    Orc (2/2) D:9             Elf (0/3) Orc:2

Altars:
Ashenzari
Cheibriados
Dithmenos
Elyvilon
Gozag
Hepliaklqana
Kikubaaqudgha
Makhleb
Nemelex Xobeh
Okawaru
Qazlal
Sif Muna
Trog
Uskayaw
Vehumet
Wu Jian
Xom
Yredelemnul
Zin
The Shining One

Shops:
D:2 ?   D:5 *   D:6 :   D:8 ([(*   Orc:2 !?


Innate Abilities, Weirdness & Mutations

You cannot wear most types of armour.
You are amphibious.
You can wear up to eight rings at the same time.
Your skin changes colour to match your surroundings (Stealth+).
Your rubbery body absorbs attacks. (AC +1, EV +1)
((You are camouflaged when in or above water. (Stealth+)))
You have tentacles for arms and can constrict up to eight enemies at once.
You are partially covered in iridescent scales. (AC +2)
Your flesh is cold resistant. (rC+)
You occasionally shout uncontrollably at your foes.


Message History

Aim: an orc sorcerer, wielding a +0 dagger and wearing a +2 robe of willpower (chance to affect: 58%)
The ball explodes into a vile cloud!
The stinking cloud engulfs the orc sorcerer but does no damage.
The stinking cloud engulfs the orc knight but does no damage.
The stinking cloud engulfs you but does no damage.
You hear a shout! x3
The orc sorcerer casts a spell.
The orc sorcerer is engulfed in noxious fumes.
The orc sorcerer hits you with a +0 dagger.
* * * LOW HITPOINT WARNING * * *
The orc knight is engulfed in noxious fumes.
You feel much better.
You feel stable enough to blink again.
The orc sorcerer is engulfed in noxious fumes.
The orc knight hits you with a +1 battleaxe.
The orc knight attacks as you move away!
The orc knight hits you with a +1 battleaxe!!
* * * LOW HITPOINT WARNING * * *
The orc sorcerer is engulfed in noxious fumes.
The orc sorcerer appears confused.
The orc sorcerer misses you.
You strike the helpless orc sorcerer from behind!
You open the orc sorcerer like a pillowcase!!!
You feel better.
You kill the orc sorcerer!
Sif Muna accepts your kill.
Your surroundings flicker for a moment.
The smoke demon gestures at you. Something smites you!
The orc sorcerer casts a spell.
The orc knight hits you with a +1 battleaxe.
* * * LOW HITPOINT WARNING * * *
Casting: Mephitic Cloud (mildly dangerous; 3% risk of failure)
Confirm with . or Enter, or press ? or * to list all spells.
You blink.
The orc knight roars a battlecry!
The orcs go into a battle-frenzy!
The orc sorcerer hits you with a +0 dagger.
* * * LOW HITPOINT WARNING * * *
The orc warrior hits you with a +1 mace of protection!!
You die...

#..###.#
#.......).#
[)###... ...#
##.#.......
.###...# #...#
#...##.....
###...# #...#
##.######..
.....# o.##...#
##.###.....
#)..## #..
#...##
#...#......
...## #..##.#.##
##.##...... ..##
#......4##
###....... .## {
{ ##.#4o@o§#
#....... ..## {
{ #....o°.##
##.....## ...##
#..##.#.##
#........ #...##
. ##..3##
#.#......
)).).## ##(..##
####.....
###...## ##.).#
##......
.###...###.).##
#.......
.)###...#.))##
##.###..
#.)###.#.#.#####
####...


You could see an orc knight, a hellwing (summoned), a rust devil (summoned), a
smoke demon, an orc sorcerer (strong) and an orc warrior (strong).

Vanquished Creatures
  An orc high priest (Orc:1)
  2 orc knights (Orc:2)
  6 orc sorcerers
  A smoke demon (Orc:2)
  A kobold demonologist (D:9)
  A komodo dragon (D:9)
  6 trolls
  A neqoxec (Orc:2)
  11 yaks (D:10)
  2 steam dragons
  4 vampire mosquitoes (D:10)
  5 wargs
  An acid dragon (D:7)
  A water moccasin (D:9)
  2 sky beasts
  3 black bears (D:9)
  An ice beast (D:6)
  24 orc warriors
  5 ogres
  2 centaurs
  2 phantoms
  6 bullfrogs
  2 kobold brigands
  A necrophage (D:5)
  2 gnoll sergeants
  3 scorpions (D:5)
  6 wights (D:7)
  3 howler monkeys
  6 hounds
  30 orc priests
  2 gnoll boudas
  16 orc wizards
  6 iguanas
  13 gnolls
  4 adders
  2 white imps
  2 ufetubi
  A dart slug (D:2)
  64 orcs
  6 ball pythons
  3 bats
  4 endoplasms
  A giant cockroach (D:1)
  13 goblins
  6 hobgoblins
  10 jackals
  10 kobolds
  2 quokkas
  2 frilled lizards (D:1)
  A rat (D:2)
309 creatures vanquished.

Vanquished Creatures (collateral kills)
  A warg (Orc:1)
  2 orc warriors (Orc:1)
  2 orc priests
  An orc wizard (D:6)
  Robin (D:2)
  A gnoll (D:8)
  An adder (D:3)
  A worm (D:3)
  3 orcs
  A giant cockroach (D:2)
  5 goblins (D:2)
  A hobgoblin (D:4)
  3 jackals
  A kobold (D:3)
24 creatures vanquished.

Vanquished Creatures (others)
  An ogre (Orc:1)
  An orc (Orc:2)
  17 fungi (D:9)
  28 plants
  4 toadstools (D:4)
51 creatures vanquished.

Grand Total: 384 creatures vanquished

Notes
Turn   | Place    | Note
-------+----------+-------------------------------------------
     0 | D:1      | Ignak the Octopode Hedge Wizard began the quest for the
                  | Orb.
     0 | D:1      | Reached XP level 1. HP: 11/11 MP: 4/4
   217 | D:1      | Reached XP level 2. HP: 17/17 MP: 1/6
   222 | D:1      | Learned a level 2 spell: Blink
   225 | D:1      | Learned a level 2 spell: Call Imp
   764 | D:2      | Found Hiogrep's Magic Scroll Shop.
   772 | D:2      | Bought a scroll of teleportation for 36 gold pieces
   772 | D:2      | Bought a scroll of identify for 24 gold pieces
   910 | D:2      | Noticed Robin
   931 | D:2      | Reached XP level 3. HP: 4/22 MP: 1/7
  1006 | D:2      | Learned a level 3 spell: Mephitic Cloud
  1021 | D:2      | Killed Robin
  1255 | D:2      | Reached XP level 4. HP: 27/27 MP: 8/8
  1552 | D:2      | Identified a scroll of acquirement
  1591 | D:3      | Acquired a +6 vampiric double sword
  1663 | D:3      | Reached skill level 1 in Fighting
  1886 | D:3      | Found a burning altar of Makhleb.
  2131 | D:3      | Gained mutation: Your flesh is cold resistant. (rC+)
                  | [potion of mutation]
  2131 | D:3      | Gained mutation: You are partially covered in iridescent
                  | scales. (AC +2) [potion of mutation]
  2315 | D:4      | Reached skill level 1 in Long Blades
  2320 | D:4      | Reached skill level 3 in Dodging
  2320 | D:4      | Reached skill level 1 in Unarmed Combat
  2320 | D:4      | Reached XP level 5. HP: 3/33 MP: 7/9
  2466 | D:4      | Reached skill level 1 in Air Magic
  2466 | D:4      | Reached skill level 1 in Poison Magic
  2710 | D:2      | Bought a scroll of blinking for 90 gold pieces
  2710 | D:2      | Bought 2 scrolls of identify for 48 gold pieces
  2710 | D:2      | Bought a scroll of identify for 24 gold pieces
  2710 | D:2      | Bought a scroll of identify for 24 gold pieces
  2718 | D:2      | Reached skill level 5 in Fighting
  2718 | D:2      | Reached skill level 5 in Long Blades
  2718 | D:2      | Reached skill level 6 in Dodging
  2718 | D:2      | Reached XP level 6. HP: 45/45 MP: 9/16
  2819 | D:4      | Found a sparkling altar of Nemelex Xobeh.
  2994 | D:4      | Found an ornate altar of the Wu Jian Council.
  3249 | D:5      | Entered Level 5 of the Dungeon
  3253 | D:5      | Reached XP level 7. HP: 50/50 MP: 18/18
  3357 | D:5      | Identified the +5 scale mail "Vaaf Geo" {rElec Will+ SInv
                  | Stlth-}
  3550 | D:5      | Reached XP level 8. HP: 51/56 MP: 19/19
  3683 | D:5      | Learned a level 5 spell: Lee's Rapid Deconstruction
  3808 | D:5      | Found the +5 woodcutter's axe
  3942 | D:5      | Found Zafet's General Store.
  3958 | D:5      | Bought a scroll of enchant weapon for 90 gold pieces
  4059 | D:6      | Found a staircase to the Ecumenical Temple.
  4122 | D:6      | Found a broken altar of Ashenzari.
  4126 | D:6      | Identified the +9 mace "Zufrusem" {speed, Dex+3}
  4270 | D:6      | Reached skill level 1 in Earth Magic
  4425 | D:6      | Found an iron altar of Okawaru.
  4438 | D:6      | Found Uthreib's Vocational Training.
  4637 | D:6      | Reached XP level 9. HP: 61/61 MP: 20/20
  5477 | D:7      | Reached skill level 7 in Dodging
  5957 | D:7      | Learned a level 4 spell: Iskenderun's Mystic Blast
  5964 | D:7      | Reached skill level 5 in Stealth
  6353 | Temple   | Entered the Ecumenical Temple
  6394 | Temple   | Became a worshipper of Sif Muna the Loreminder
  6444 | D:8      | Found Loare's Weapon Shop.
  6445 | D:8      | Found Salysi's Assorted Antiques.
  6494 | D:8      | Learned a level 5 spell: Arcjolt
  6616 | D:8      | Found Epoips's Antique Armour Emporium.
  6663 | D:8      | Found Juinloro's Weapon Shoppe.
  6755 | D:8      | Reached XP level 10. HP: 53/68 MP: 22/22
  6879 | D:8      | Reached * piety under Sif Muna
  7143 | D:9      | Noticed a kobold demonologist
  7149 | D:9      | Killed a kobold demonologist
  7181 | D:9      | Found a staircase to the Lair.
  7464 | D:9      | Found a white marble altar of Elyvilon.
  7464 | D:9      | Found a glowing golden altar of the Shining One.
  7514 | D:9      | Found a shadowy altar of Dithmenos.
  7724 | D:9      | Found a staircase to the Orcish Mines.
  7946 | D:9      | Identified the +9 rapier of Uncomfortable Rashes {freeze,
                  | Int+3 Dex+2}
  8161 | D:10     | Entered Level 10 of the Dungeon
  8266 | D:10     | Reached ** piety under Sif Muna
  8366 | D:10     | Reached XP level 11. HP: 73/73 MP: 13/23
  8383 | D:10     | Reached skill level 8 in Dodging
  8480 | D:10     | Identified the +7 hand axe of Nometrof {freeze, rPois Will+
                  | Int+3}
  8962 | Orc:1    | Entered Level 1 of the Orcish Mines
  9148 | Orc:2    | Entered Level 2 of the Orcish Mines
  9384 | Orc:1    | Reached *** piety under Sif Muna
  9408 | Orc:1    | Noticed an orc sorcerer
  9411 | Orc:1    | Noticed an orc high priest
  9456 | Orc:1    | Noticed a sun demon
  9491 | Orc:1    | Killed an orc high priest
  9493 | Orc:1    | Paralysed by an orc sorcerer for 4 turns
  9503 | Orc:1    | Killed an orc sorcerer
 10081 | Orc:2    | Reached skill level 5 in Conjurations
 10093 | Orc:2    | Found a staircase to the Elven Halls.
 10158 | Orc:2    | Noticed an orc knight
 10249 | Orc:2    | Killed an orc knight
 10250 | Orc:2    | Reached skill level 5 in Air Magic
 10377 | Orc:2    | Found Tugeak's Distillery.
 10400 | Orc:2    | Found Gayg's Magic Scroll Shop.
 10608 | Orc:2    | Noticed an orc sorcerer
 10621 | Orc:2    | Killed an orc sorcerer
 10685 | Orc:2    | Found a burning altar of Makhleb.
 10737 | Orc:1    | Reached **** piety under Sif Muna
 10752 | Orc:1    | Noticed an orc sorcerer
 10779 | Orc:1    | Paralysed by an orc sorcerer for 4 turns
 10783 | Orc:1    | Killed an orc sorcerer
 10784 | Orc:1    | Reached XP level 12. HP: 23/80 MP: 22/24
 11349 | Orc:2    | Reached skill level 9 in Dodging
 11421 | Orc:2    | Reached skill level 5 in Earth Magic
 11569 | Orc:2    | Paralysed by an orc sorcerer for 5 turns
 11574 | Orc:2    | Noticed an orc high priest
 11574 | Orc:2    | Noticed a demonspawn
 11577 | Orc:2    | Noticed an orc high priest
 11749 | Orc:2    | Gained mutation: You occasionally shout uncontrollably at
                  | your foes. [a neqoxec]
 11849 | Orc:2    | Bought a scroll of acquirement for 884 gold pieces
 11850 | Orc:2    | Acquired the +2 hood of the Assassin {Detect Stab+ Stlth++}
 11850 | Orc:2    | Found the +2 hood of the Assassin {Detect Stab+ Stlth++}
 11899 | Orc:2    | Reached skill level 5 in Translocations
 11912 | Orc:2    | HP: 4/81 [smoke demon/divine providence (11)]
 11913 | Orc:2    | HP: 1/81 [orc sorcerer/+0 dagger (4)]
 11917 | Orc:2    | Slain by an orc warrior

Illustrated notes

Levels and vault maps discovered:
D:1:      dpeg_arrival_pits, layout_loops_ring, item_on_display_a
D:2:      layout_loops_ring, serial_shops, shop, serial_bayou_lake_a, uniq_robin
D:3:      layout_rooms, mainiacjoe_overflow_24_doors,
          nicolae_kite_square_tiling_tiny
D:4:      layout_gridville, mainiacjoe_overflow_paths, lemuel_round_altar,
          minmay_gold_behind_fungi, kennysheep_generic_room_13
D:5:      layout_basic, serial_shops, shop_statue, pf_guarded_unrand_woodcutter
D:6:      layout_gridville, okawaru_ov_weapons_minmay, evilmike_ruin_ashenzari,
          minmay_temple_entry_glass, chequers_serial_rivers_marsh,
          nicolae_shop_vocational
D:7:      layout_layer_cave, hex_large, minmay_misc_feat_secret_circle,
          minmay_manual_mullet
D:8:      layout_rooms, serial_shops, nicolae_take_the_stairs,
          nicolae_shop_advertising_works [nicolae_subvault_shop_adworks],
          nicolae_diamond_shop, nicolae_shop_stone, dk_noncrumbling_2
D:9:      layout_rooms, nicolae_dithmenos_shadow_blocks,
          gammafunk_temple_overflow_elements, due_lair_maze_entry_diamond,
          david_orc_3
D:10:     layout_basic
Temple:   nicolae_temple_great_sept
Orc:1:    layout_diamond_mine
Orc:2:    pf_orc_diabolical, layout_diamond_mine, bloody_makhleb

Skill      XL: |  1  2  3  4  5  6  7  8  9 10 11 12 |
---------------+-------------------------------------+-----
Stealth        | 3 4 5 7 |  7.7
Fighting       | 1 5 6 7 |  7.2
Long Blades    | 1 5 6 7 |  7.6
Dodging        | 3 6 7 8 9 |  9.3
Unarmed Combat | 1 |  1.0
Air Magic      | 1 2 3 5 6 |  6.0
Poison Magic   | 1 2 |  2.8
Spellcasting   | 7 8 |  8.9
Summonings     | 2 |  2.0
Translocations | 2 3 4 5 |  5.0
Conjurations   | 2 3 5 |  5.0
Earth Magic    | 1 2 3 4 5 |  5.0
Polearms       | |  0.3
Invocations    | |  0.5

Action                   |  1- 3 |  4- 6 |  7- 9 | 10-12 || total
-------------------------+-------+-------+-------+-------++-------
Melee: Dagger            |     6 |       |       |       ||     6
       Constrict         |    12 |    13 |    33 |    70 ||   128
       Tentacles         |     7 |     8 |    35 |    74 ||   124
       Spear             |    27 |     6 |       |       ||    33
       Punch             |     2 |     2 |     1 |     9 ||    14
       Double sword      |       |    55 |   190 |   325 ||   570
       Rapier            |       |       |       |     1 ||     1
Throw: Dart              |       |       |       |    50 ||    50
       Throwing net      |       |       |       |     1 ||     1
 Cast: Magic Dart        |    14 |     5 |       |       ||    19
       Call Imp          |     9 |     8 |    14 |    13 ||    44
       Mephitic Cloud    |       |     2 |     4 |    67 ||    73
       Blink             |       |       |     2 |    18 ||    20
       Iskenderun's Myst |       |       |     1 |     6 ||     7
       Lee's Rapid Decon |       |       |       |     1 ||     1
       Arcjolt           |       |       |       |     9 ||     9
Invok: Channel Magic     |       |       |       |     1 ||     1
Evoke: Wand              |       |       |       |     4 ||     4
  Use: Scroll            |     2 |    13 |     5 |     9 ||    29
       Potion            |       |     6 |     3 |     3 ||    12
 Stab: Sleeping          |     3 |     5 |    10 |     4 ||    22
       Confused          |       |     1 |     2 |    32 ||    35
       Distracted        |       |       |     1 |     1 ||     2
Armor: Skin              |     3 |     8 |    26 |    52 ||    89
Dodge: Dodged            |    22 |    30 |   178 |   254 ||   484

Table legend: (Time is in decaauts)
 A = Elapsed time spent in this place.
 B = Non-inter-level travel time spent in this place.
 C = Inter-level travel time spent in this place.
 D = Time resting spent in this place.
 E = Time spent auto-exploring this place.
 F = Levels seen in this place.
 G = Mean time per level.
                   A        B        C        D        E       F      G
               +--------+--------+--------+--------+--------+-----+--------+
         Total |  12037 |  11583 |    454 |   1851 |   5288 |  13 |  925.9 |
       Dungeon |   9015 |   8570 |    445 |    805 |   4974 |  10 |  901.5 |
        Temple |     50 |     42 |      8 |      0 |      0 |   1 |   50.0 |
  Orcish Mines |   2971 |   2971 |      0 |   1046 |    314 |   2 | 1485.5 |
               +--------+--------+--------+--------+--------+-----+--------+

Top non-repeatable levels by time:
   Orc:2: 2011 daAuts
     D:7: 1522 daAuts
     D:2: 966 daAuts
   Orc:1: 960 daAuts
     D:9: 929 daAuts
     D:4: 922 daAuts
     D:8: 905 daAuts
     D:6: 828 daAuts
     D:5: 809 daAuts
     D:1: 776 daAuts
    D:10: 736 daAuts
     D:3: 618 daAuts
  Temple: 50 daAuts
